 Dungeon Crawl Stone Soup version 0.29.0-4-gdea44cf6ec (webtiles) character file.

Game seed: 10318124564644917333

9571 qw the Severer (level 11, -7/97 HPs)
             Began as a Minotaur Berserker on Sept 7, 2022.
             Was a Priest of Trog.
             Mangled by a yak (9 damage)
             ... on level 2 of the Lair of Beasts.
             The game lasted 00:03:22 (12645 turns).

qw the Severer (Minotaur Berserker)                Turns: 12645, Time: 00:03:22

Health: -7/97      AC: 18    Str: 26    XL:     11   Next: 24%
Magic:  10/10      EV: 10    Int:  4    God:    Trog [***...]
Gold:   216        SH: 10    Dex: 10    Spells: 10/10 levels left

rFire   + . .      SeeInvis .   l - +0 morningstar
rCold   . . .      Faith    .   h - +0 kite shield
rNeg    . . .      Spirit   .   r - +3 scale mail {rF+}
rPois   .          Reflect  .   (helmet restricted)
rElec   .          Harm     .   d - +0 cloak
rCorr   .          Rampage  .   s - +0 pair of gloves
Will    .....                   k - +0 pair of boots
Stlth   ..........              (no amulet)
HPRegen 0.26/turn               i - +4 ring of protection
MPRegen 0.12/turn               (no ring)

@: about to teleport, marked, on berserk cooldown, slowed, very slow
A: horns 2, retaliatory headbutt, hooves 1, MP-powered wands
a: Renounce Religion, Berserk, Trog's Hand


You were on level 2 of the Lair of Beasts.
You worshipped Trog.
Trog was most pleased with you.
You visited 2 branches of the dungeon, and saw 10 of its levels.

You collected 728 gold pieces.
You spent 512 gold pieces at shops.


Innate Abilities, Weirdness & Mutations

You have a pair of horns on your head.
You reflexively headbutt those who attack you in melee.
You have large cloven feet.
You expend magic power (3 MP) to strengthen your wands.


   Skills:
 - Level 9.0 Fighting
 + Level 15.6 Axes
 - Level 5.0 Armour
 - Level 4.5 Dodging
 - Level 10.0 Shields


You had 10 spell levels left.
You didn't know any spells.
Your spell library was empty.

Inventory:

Hand Weapons
 l - a +0 morningstar (weapon)
 Y - a +5 war axe of venom
Armour
 d - a +0 cloak (worn)
 h - a +0 kite shield (worn)
 k - a +0 pair of boots (worn)
 n - the +1 chain mail "Fakuip" {Rampage}
   (You bought it in a shop on level 4 of the Dungeon)

   Rampage:   It bestows one free step when moving towards enemies.
 r - a +3 scale mail of fire resistance (worn)
 s - a +0 pair of gloves (worn)
Jewellery
 i - a +4 ring of protection (left hand)
Scrolls
 a - 2 scrolls of teleportation
 e - a scroll of identify
Potions
 c - 3 potions of curing
 f - 2 potions of cancellation
 g - 3 potions of might
 j - a potion of resistance
 m - a potion of mutation
 p - 5 potions of haste
 q - a potion of flight {unknown}
 t - a potion of brilliance {unknown}

Dungeon Overview and Level Annotations

Branches:
Dungeon (8/15)             Temple (0/1) D:5            Lair (2/5) D:8
  Swamp: Lair:2-3    Shoals: Lair:2-3     Snake: Lair:2-3    Spider: Lair:2-3

Altars:
Gozag
Hepliaklqana
Nemelex Xobeh

Shops:
D:4 [((:*   D:7 (

Annotations:
D:6 2 transporters, qw's ghost, novice GrFi
D:8 2 transporters, qw's ghost, journeyman TrCA


Message History

You hit the yak. You headbutt the yak, but do no damage.
The yak is moderately wounded.
The six-headed hydra barely misses you.
The six-headed hydra completely misses you.
The six-headed hydra closely misses you.
The six-headed hydra bites you.
You block the six-headed hydra's attack.
The six-headed hydra barely misses you. The yak gores you!
The yak gores you but does no damage. The yak barely misses you.
You furiously retaliate!
You headbutt the yak! You block the yak's attack.
The six-headed hydra bites you but does no damage. x2
You block the six-headed hydra's attack.
The six-headed hydra bites you but does no damage.
The six-headed hydra closely misses you.
You block the six-headed hydra's attack.
12644 ||| READING 3 scrolls of teleportation.
As you read the scroll of teleportation, it crumbles to dust.
You feel strangely unstable. You block the yak's attack.
The yak closely misses you. The yak barely misses you.
You block the yak's attack.
You block the six-headed hydra's attack.
The six-headed hydra bites you. The six-headed hydra barely misses you.
The six-headed hydra bites you.
You block the six-headed hydra's attack.
The six-headed hydra bites you. The yak gores you but does no damage.
The yak misses you. You furiously retaliate!
You headbutt the yak! The yak closely misses you. You furiously retaliate!
You headbutt the yak, but do no damage. The yak gores you.
You puncture the yak! You headbutt the yak.
You kill the yak!
Trog accepts your kill.
The six-headed hydra bites you but does no damage.
The six-headed hydra bites you.
The six-headed hydra bites you but does no damage.
You block the six-headed hydra's attack.
The six-headed hydra barely misses you.
The six-headed hydra bites you but does no damage.
The yak barely misses you. You furiously retaliate!
You headbutt the yak! The yak gores you!
You die...

## ##### ###.##.#.####
# #...........# #
#.......(...# #
#...........##
#............# #
#............# #
#####............#.##
...............D@Y..##
..........<....Y.Y...#
................Y....#
................(....#
..###............#..##
..# ##.#.##.....(.#...
..# ######.##...##....
>.## #P##.#.##.#. .#.#
...# #........... ..


You could see a six-headed hydra and 4 yaks.

Vanquished Creatures
  Erica (D:8)
  A catoblepas (Lair:2)
  A black mamba (Lair:2)
  Maggie (D:7)
  Psyche (D:8)
  Prince Ribbit (D:7)
  7 blink frogs
  15 yaks
  A basilisk (Lair:2)
  2 steam dragons
  Edmund (D:5)
  A water moccasin (D:7)
  Duvessa (D:7)
  An ice beast (D:5)
  2 sky beasts
  2 ogres (D:7)
  2 centaurs
  A kobold brigand (D:7)
  3 bullfrogs
  A gnoll sergeant (D:8)
  3 necrophages
  2 scorpions
  7 wights (D:7)
  Dowan (D:7)
  10 killer bees (D:7)
  4 electric eels (Lair:1)
  A howler monkey (D:5)
  3 orc priests (D:8)
  7 hounds
  3 jellies
  9 iguanas
  4 orc wizards
  3 gnolls (D:8)
  16 adders
  2 shadow imps
  A white imp (D:6)
  5 worms
  4 dart slugs
  22 orcs
  2 bats
  4 endoplasms
  3 giant cockroaches
  7 goblins
  A hobgoblin (D:1)
  4 jackals (D:1)
  8 kobolds
  5 quokkas
  7 ball pythons
  5 frilled lizards
  4 rats
203 creatures vanquished.

Vanquished Creatures (others)
  2 fungi (Lair:2)
  17 plants
19 creatures vanquished.

Grand Total: 222 creatures vanquished

Notes
Turn   | Place    | Note
-------+----------+-------------------------------------------
     0 | D:1      | qw the Minotaur Berserker began the quest for the Orb.
     0 | D:1      | Reached XP level 1. HP: 19/19 MP: 0/0
     0 | D:1      | 0 ||| qw: Version: 0.1-a-108-g9e35731
     0 | D:1      | 0 ||| qw: Game counter: 6447
     0 | D:1      | 0 ||| qw: Always use a shield: true
     0 | D:1      | 0 ||| qw: Do Orc after D:15 true
     0 | D:1      | 0 ||| qw: Do second Lair branch before Depths: true
     0 | D:1      | 0 ||| qw: Lair rune preference: random
     0 | D:1      | 0 ||| qw: Plans: Normal
     0 | D:1      | 0 ||| PLANNING D:1-11
    45 | D:1      | 45 ||| Stepping ~*~*~tactically~*~*~ (stealth).
    79 | D:1      | 79 ||| Stepping ~*~*~tactically~*~*~ (stealth).
    83 | D:1      | 83 ||| Stepping ~*~*~tactically~*~*~ (stealth).
    87 | D:1      | Reached skill level 4 in Axes
   156 | D:1      | Reached XP level 2. HP: 19/26 MP: 1/1
   156 | D:1      | 156 ||| Stepping ~*~*~tactically~*~*~ (stealth).
   557 | D:1      | 557 ||| Stepping ~*~*~tactically~*~*~ (stealth).
   566 | D:1      | Found a faded altar of an unknown god.
   571 | D:1      | 571 ||| Stepping ~*~*~tactically~*~*~ (stealth).
   573 | D:1      | 573 ||| Stepping ~*~*~tactically~*~*~ (stealth).
   575 | D:1      | 575 ||| Stepping ~*~*~tactically~*~*~ (stealth).
  1080 | D:1      | 1080 ||| READING scroll labelled SAER ADGHOTE.
  1081 | D:1      | 1081 ||| READING scroll labelled BYIKHYXOATA.
  1242 | D:2      | Reached skill level 5 in Axes
  1273 | D:2      | 1273 ||| Stepping ~*~*~tactically~*~*~ (stealth).
  1278 | D:2      | Reached XP level 3. HP: 15/31 MP: 2/2
  1278 | D:2      | 1278 ||| INVOKING Berserk.
  1284 | D:2      | HP: 7/31 [poisoned by an adder]
  1716 | D:2      | 1716 ||| Stepping ~*~*~tactically~*~*~ (stealth).
  1851 | D:2      | 1851 ||| Stepping ~*~*~tactically~*~*~ (stealth).
  1854 | D:2      | 1854 ||| Stepping ~*~*~tactically~*~*~ (stealth).
  1858 | D:2      | 1858 ||| INVOKING Berserk.
  1862 | D:2      | Reached skill level 6 in Axes
  1862 | D:2      | Reached XP level 4. HP: 36/39 MP: 3/3
  2181 | D:2      | Reached ** piety under Trog
  2261 | D:2      | 2261 ||| UPGRADING to +0 ring mail.
  2271 | D:2      | 2271 ||| DROPPING +0 animal skin.
  2272 | D:2      | 2272 ||| READING 2 scrolls labelled XOSULU BUORGH.
  2277 | D:2      | 2277 ||| READING scroll labelled ACOH INLUUDD.
  2278 | D:2      | 2278 ||| DRINKING 2 murky ruby potions.
  2370 | D:3      | 2370 ||| Stepping ~*~*~tactically~*~*~ (hiding).
  2394 | D:3      | 2394 ||| INVOKING Berserk.
  2569 | D:3      | 2569 ||| SWAPPING to +0 war axe.
  2570 | D:3      | 2570 ||| DROPPING +0 club.
  2571 | D:3      | 2571 ||| DROPPING +0 hand axe.
  2869 | D:3      | Found a sparkling altar of Nemelex Xobeh.
  3091 | D:3      | Reached skill level 7 in Axes
  3091 | D:3      | Reached XP level 5. HP: 35/45 MP: 4/4
  3384 | D:3      | 3384 ||| UPGRADING to +0 chain mail.
  3394 | D:3      | 3394 ||| DROPPING +0 ring mail.
  3395 | D:3      | 3395 ||| READING scroll labelled KORIUM DITHRIRGH.
  3395 | D:3      | Identified a scroll of acquirement
  3395 | D:3      | 3395 ||| ACQUIRING +2 buckler of poison resistance
  3395 | D:3      | Acquired a +2 buckler of poison resistance
  3397 | D:3      | 3397 ||| UPGRADING to +2 buckler of poison resistance.
  3402 | D:3      | 3402 ||| READING scroll labelled SIGEFE ARUA.
  3403 | D:3      | 3403 ||| DRINKING 2 metallic clear potions.
  3403 | D:3      | Gained mutation: You have large cloven feet. [potion of
                  | mutation]
  3403 | D:3      | Gained mutation: You expend magic power (3 MP) to
                  | strengthen your wands. [potion of mutation]
  3414 | D:4      | Found Vuhic's Weapon Emporium.
  3423 | D:4      | Found Cusoac's Armour Boutique.
  3437 | D:4      | 3437 ||| BUYING +0 pair of boots (49 gold).
  3437 | D:4      | Bought a +0 pair of boots for 49 gold pieces
  3437 | D:4      | 3437 ||| BUYING +1 chain mail "Fakuip" {Rampage} (181
                  | gold).
  3437 | D:4      | Bought the +1 chain mail "Fakuip" {Rampage} for 181 gold
                  | pieces
  3437 | D:4      | 3437 ||| SHOPLISTING +1 plate armour of fire resistance
                  | (385 gold, have 64).
  3437 | D:4      | 3437 ||| SHOPLISTING +1 scale mail of fire resistance (176
                  | gold, have 64).
  3679 | D:4      | Found Calen's Book Shoppe.
  3715 | D:4      | Found Akaon's Assorted Antiques.
  3721 | D:4      | 3721 ||| BUYING bubbling pink potion (16 gold).
  3721 | D:4      | Bought a bubbling pink potion for 16 gold pieces
  3721 | D:4      | 3721 ||| BUYING cyan potion (16 gold).
  3721 | D:4      | Bought a cyan potion for 16 gold pieces
  3721 | D:4      | 3721 ||| BUYING potion of might (72 gold).
  3721 | D:4      | Bought a potion of might for 72 gold pieces
  3721 | D:4      | 3721 ||| BUYING sapphire potion (16 gold).
  3721 | D:4      | Bought a sapphire potion for 16 gold pieces
  3721 | D:4      | 3721 ||| SHOPLISTING scroll labelled TOCLAM HEHEOF (18
                  | gold, have 14).
  3815 | D:4      | 3815 ||| Stepping ~*~*~tactically~*~*~ (stealth).
  3818 | D:4      | 3818 ||| Stepping ~*~*~tactically~*~*~ (stealth).
  3823 | D:4      | Reached XP level 6. HP: 52/52 MP: 5/5
  3825 | D:4      | 3825 ||| Stepping ~*~*~tactically~*~*~ (stealth).
  3828 | D:4      | Found Xapibrah's Weapon Emporium.
  3897 | D:4      | 3897 ||| Stepping ~*~*~tactically~*~*~ (stealth).
  3898 | D:4      | 3898 ||| Stepping ~*~*~tactically~*~*~ (stealth).
  3986 | D:4      | Found a hazy altar of Hepliaklqana.
  3986 | D:4      | Found an opulent altar of Gozag.
  4394 | D:4      | 4394 ||| UPGRADING to +0 pair of boots.
  4399 | D:4      | 4399 ||| UPGRADING to +1 chain mail "Fakuip" {Rampage}.
  4409 | D:4      | 4409 ||| DROPPING +0 chain mail.
  4410 | D:4      | 4410 ||| UPGRADING to +0 pair of gloves.
  4415 | D:4      | 4415 ||| DRINKING 2 bubbling sapphire potions.
  4416 | D:4      | 4416 ||| DRINKING 3 bubbling pink potions.
  4417 | D:4      | 4417 ||| DRINKING 4 cyan potions.
  4418 | D:4      | 4418 ||| DRINKING 2 grey potions.
  4419 | D:4      | 4419 ||| READING 2 scrolls of identify.
  4419 | D:4      | 4419 ||| IDENTIFYING viscous silvery potion
  4420 | D:4      | 4420 ||| DROPPING 2 potions of magic.
  4421 | D:4      | 4421 ||| DROPPING potion of attraction.
  4477 | D:5      | Entered Level 5 of the Dungeon
  4537 | D:5      | Reached skill level 8 in Axes
  4562 | D:5      | 4562 ||| Stepping ~*~*~tactically~*~*~ (hiding).
  4730 | D:5      | 4730 ||| INVOKING Berserk.
  4732 | D:5      | Reached skill level 3 in Armour
  4870 | D:5      | 4870 ||| Stepping ~*~*~tactically~*~*~ (hiding).
  4880 | D:5      | Reached XP level 7. HP: 46/59 MP: 6/6
  4880 | D:5      | 4880 ||| Stepping ~*~*~tactically~*~*~ (hiding).
  4885 | D:5      | Reached *** piety under Trog
  4886 | D:5      | Reached skill level 9 in Axes
  4890 | D:5      | Reached skill level 3 in Shields
  4969 | D:5      | 4969 ||| INVOKING Berserk.
  5182 | D:5      | Noticed Edmund
  5186 | D:5      | 5186 ||| INVOKING Berserk.
  5191 | D:5      | Killed Edmund
  5464 | D:5      | Found a staircase to the Ecumenical Temple.
  5591 | D:5      | Reached skill level 10 in Axes
  5591 | D:5      | Reached XP level 8. HP: 69/69 MP: 7/7
  5811 | D:5      | 5811 ||| READING scroll labelled QERIWOATYST.
  5812 | D:5      | 5812 ||| READING scroll labelled FILAOLO VOOFI.
  5813 | D:5      | 5813 ||| READING 2 scrolls of identify.
  5813 | D:5      | 5813 ||| IDENTIFYING silvery potion
  5814 | D:5      | 5814 ||| DROPPING potion of ambrosia.
  5831 | D:6      | 5831 ||| PLANNING SEWER
  5868 | D:6      | 5868 ||| INVOKING Berserk.
  6004 | D:6      | 6004 ||| DRINKING 2 potions of curing.
  6004 | D:6      | 6004 ||| (to cure confusion)
  6009 | D:6      | 6009 ||| DRINKING potion of curing.
  6009 | D:6      | 6009 ||| (to cure confusion)
  6033 | D:6      | Reached skill level 6 in Fighting
  6223 | D:6      | 6223 ||| Stepping ~*~*~tactically~*~*~ (stealth).
  6251 | D:6      | Identified the +0 kite shield "Hannupn" {rElec rPois Int-3}
  6272 | D:6      | Reached skill level 11 in Axes
  6318 | D:6      | Noticed qw's ghost (novice GrFi)
  6388 | D:6      | Found a transporter.
  6419 | D:6      | 6419 ||| RIP SEWER
  6432 | D:6      | Found a transporter.
  6444 | D:6      | 6444 ||| PLANNING D:1-11
  6638 | D:6      | 6638 ||| READING 2 scrolls of identify.
  6638 | D:6      | 6638 ||| IDENTIFYING murky emerald potion
  6639 | D:6      | 6639 ||| READING 3 scrolls of teleportation.
  6691 | D:6      | 6691 ||| Stepping ~*~*~tactically~*~*~ (stealth).
  6906 | D:7      | 6906 ||| Stepping ~*~*~tactically~*~*~ (hiding).
  6909 | D:7      | 6909 ||| Stepping ~*~*~tactically~*~*~ (hiding).
  6912 | D:7      | 6912 ||| INVOKING Berserk.
  6935 | D:7      | 6935 ||| Stepping ~*~*~tactically~*~*~ (stealth).
  6936 | D:7      | 6936 ||| Stepping ~*~*~tactically~*~*~ (stealth).
  6998 | D:7      | 6998 ||| INVOKING Berserk.
  7000 | D:7      | Reached skill level 12 in Axes
  7118 | D:7      | 7118 ||| Stepping ~*~*~tactically~*~*~ (hiding).
  7119 | D:7      | 7119 ||| Stepping ~*~*~tactically~*~*~ (hiding).
  7215 | D:7      | 7215 ||| INVOKING Berserk.
  7350 | D:7      | 7350 ||| Stepping ~*~*~tactically~*~*~ (stealth).
  7354 | D:7      | Reached XP level 9. HP: 76/78 MP: 8/8
  7368 | D:7      | 7368 ||| INVOKING Berserk.
  7604 | D:7      | 7604 ||| FLEEEEING.
  7897 | D:7      | Noticed Prince Ribbit
  7907 | D:7      | 7907 ||| INVOKING Berserk.
  7914 | D:7      | Killed Prince Ribbit
  7915 | D:7      | Reached skill level 13 in Axes
  8042 | D:7      | Found Tuon's Antique Weapon Shoppe.
  8047 | D:7      | 8047 ||| BUYING runed flail (162 gold).
  8047 | D:7      | Bought a runed flail for 162 gold pieces
  8047 | D:7      | 8047 ||| SHOPLISTING runed war axe (162 gold, have 41).
  8047 | D:7      | 8047 ||| DROPPING +0 flail.
  8093 | D:7      | 8093 ||| DROPPING +1 vorpal hand axe.
  8139 | D:7      | Noticed Maggie
  8140 | D:7      | 8140 ||| Stepping ~*~*~tactically~*~*~ (hiding).
  8151 | D:7      | 8151 ||| INVOKING Berserk.
  8155 | D:7      | Killed Maggie
  8308 | D:7      | Noticed Duvessa
  8308 | D:7      | Noticed Dowan
  8309 | D:7      | 8309 ||| INVOKING Berserk.
  8310 | D:7      | Killed Duvessa
  8315 | D:7      | Killed Dowan
  8604 | D:7      | 8604 ||| SWAPPING to +5 war axe.
  8612 | D:7      | 8612 ||| DROPPING +0 war axe of chaos.
  8703 | D:7      | 8703 ||| UPGRADING to +0 cloak.
  8708 | D:7      | 8708 ||| UPGRADING to +3 scale mail of fire resistance.
  8718 | D:7      | 8718 ||| READING scroll labelled HOAFUSIATO.
  8719 | D:7      | 8719 ||| DRINKING 2 murky clear potions.
  8744 | D:7      | 8744 ||| DRINKING 2 green potions.
  8745 | D:7      | 8745 ||| DROPPING potion of lignification.
  8746 | D:7      | 8746 ||| DROPPING potion of degeneration.
  8786 | D:8      | Found a staircase to the Lair.
  8800 | D:8      | 8800 ||| Stepping ~*~*~tactically~*~*~ (hiding).
  8805 | D:8      | 8805 ||| Stepping ~*~*~tactically~*~*~ (hiding).
  9110 | D:8      | 9110 ||| DRINKING 4 potions of curing.
  9110 | D:8      | 9110 ||| (to cure confusion)
  9115 | D:8      | 9115 ||| INVOKING Berserk.
  9126 | D:8      | Found a transporter.
  9130 | D:8      | Reached skill level 14 in Axes
  9130 | D:8      | Reached XP level 10. HP: 66/90 MP: 9/9
  9222 | D:8      | 9222 ||| DROPPING +6 flail of protection.
  9319 | D:8      | 9319 ||| INVOKING Berserk.
  9601 | D:8      | Noticed Psyche
  9602 | D:8      | 9602 ||| Stepping ~*~*~tactically~*~*~ (hiding).
  9604 | D:8      | 9604 ||| INVOKING Berserk.
  9610 | D:8      | Killed Psyche
  9836 | D:8      | Noticed Erica
  9864 | D:8      | 9864 ||| DRINKING 3 potions of curing.
  9864 | D:8      | 9864 ||| (to cure confusion)
  9865 | D:8      | Killed Erica
 10075 | D:8      | Noticed a centaur warrior
 10076 | D:8      | Noticed qw's ghost (journeyman TrCA)
 10076 | D:8      | Noticed an eight-headed hydra
 10079 | D:8      | Found a transporter.
 10101 | D:8      | Noticed a cyclops
 10393 | D:8      | 10393 ||| PLANNING LAIR
 10393 | D:8      | 10393 ||| UPGRADING to +0 kite shield.
 10403 | D:8      | 10403 ||| DROPPING +2 buckler of poison resistance.
 10404 | D:8      | 10404 ||| UPGRADING to +4 ring of protection.
 10405 | D:8      | 10405 ||| READING 2 scrolls of identify.
 10405 | D:8      | 10405 ||| IDENTIFYING red potion
 10406 | D:8      | 10406 ||| DROPPING potion of berserk rage.
 10463 | Lair:1   | Entered Level 1 of the Lair of Beasts
 10633 | Lair:1   | 10633 ||| READING scroll of brand weapon.
 10633 | Lair:1   | 10633 ||| BRANDING +5 war axe.
 10637 | Lair:1   | Identified the +4 dagger of Ofites {venom, rF+ Int+2}
 10851 | Lair:1   | 10851 ||| INVOKING Berserk.
 11137 | Lair:1   | Reached skill level 6 in Shields
 11148 | Lair:1   | Reached **** piety under Trog
 11150 | Lair:1   | 11150 ||| INVOKING Berserk.
 11350 | Lair:1   | 11350 ||| INVOKING Berserk.
 11748 | Lair:1   | 11748 ||| READING scroll labelled ITILOONKOE.
 11749 | Lair:1   | 11749 ||| READING scroll labelled YHAC QYSABAULL.
 11880 | Lair:2   | 11880 ||| STAIRDANCE
 11888 | Lair:1   | Reached skill level 9 in Shields
 11924 | Lair:2   | 11924 ||| STAIRDANCE
 11924 | Lair:2   | Noticed a catoblepas
 11943 | Lair:2   | 11943 ||| STAIRDANCE
 12034 | Lair:2   | 12034 ||| STAIRDANCE
 12038 | Lair:2   | 12038 ||| STAIRDANCE
 12061 | Lair:2   | 12061 ||| INVOKING Berserk.
 12067 | Lair:2   | Killed a catoblepas
 12068 | Lair:2   | Reached XP level 11. HP: 95/95 MP: 10/10
 12074 | Lair:2   | Reached skill level 15 in Axes
 12081 | Lair:2   | 12081 ||| FLEEEEING.
 12083 | Lair:2   | 12083 ||| STAIRDANCE
 12187 | Lair:2   | 12187 ||| INVOKING Berserk.
 12219 | Lair:2   | 12219 ||| FLEEEEING.
 12220 | Lair:2   | 12220 ||| FLEEEEING.
 12222 | Lair:2   | 12222 ||| STAIRDANCE
 12225 | Lair:1   | Reached skill level 9 in Fighting
 12327 | Lair:2   | 12327 ||| INVOKING Berserk.
 12336 | Lair:2   | 12336 ||| FLEEEEING.
 12337 | Lair:2   | 12337 ||| STAIRDANCE
 12447 | Lair:2   | 12447 ||| INVOKING Berserk.
 12471 | Lair:2   | 12471 ||| STAIRDANCE
 12624 | Lair:2   | 12624 ||| INVOKING Berserk.
 12635 | Lair:2   | Noticed a six-headed hydra
 12639 | Lair:2   | 12639 ||| SWAPPING to +0 morningstar.
 12640 | Lair:2   | 12640 ||| Stepping ~*~*~tactically~*~*~ (outnumbered).
 12643 | Lair:2   | HP: 16/97 [yak (9)]
 12644 | Lair:2   | 12644 ||| READING 3 scrolls of teleportation.
 12644 | Lair:2   | HP: 6/97 [yak (3)]
 12645 | Lair:2   | HP: 2/97 [six-headed hydra (5)]
 12645 | Lair:2   | Mangled by a yak

Levels and vault maps discovered:
D:1:      erik_arrival_cave_to_civilisation [erik_arrival_cave_to_hall],
          layout_loops_ring, nicolae_ecumenical_snake_handling
D:2:      layout_rooms
D:3:      layout_basic, mainiacjoe_overflow_chevrons
D:4:      layout_loops_ring, gammafunk_temple_overflow_wave, serial_shops,
          nicolae_shop_waterfront, nicolae_shop_stone, nicolae_shop_crystal,
          nicolae_shop_hallway_plus, shop_fountains, grunt_decor_junction
D:5:      layout_basic, minmay_temple_entry_poolview, kennysheep_small_square,
          uniq_edmund
D:6:      layout_basic, gammafunk_ghost_gnarly_gnolls,
          cheibrodos_sewer_entry_bend
D:7:      layout_gridville, serial_shops, nicolae_shop_behind_doors,
          uniq_maggie, uniq_prince_ribbit1, uniq_duvessa
D:8:      layout_layer_cave, lair_entry_dummy, nzn_ghost_randoct, uniq_erica,
          uniq_psyche
Lair:1:   layout_concentric_octagons, nicolae_quartered_pool_super,
          serial_bayou_ford_a
Lair:2:   layout_gridlike, minmay_snake_entry_guardpost_small, st_stairs_9

Skill      XL: |  1  2  3  4  5  6  7  8  9 10 11 |
---------------+----------------------------------+-----
Axes           | 4 5 6 7 8 10 12 14 15 | 15.6
Shields        | 2 3 4 5 10 | 10.0
Fighting       | 4 5 6 8 9 |  9.0
Armour         | 3 4 5 |  5.0
Dodging        | 4 |  4.5

Action                   |  1- 3 |  4- 6 |  7- 9 | 10-12 || total
-------------------------+-------+-------+-------+-------++-------
Melee: Hand axe          |    73 |    32 |       |       ||   105
       Headbutt          |     9 |    22 |    39 |    26 ||    96
       War axe           |       |   108 |   245 |   100 ||   453
       Kick              |       |     4 |       |       ||     4
       Morningstar       |       |       |       |     4 ||     4
Throw: Javelin           |       |       |       |     3 ||     3
Invok: Berserk           |     2 |     2 |    11 |    10 ||    25
  Use: Scroll            |     2 |     5 |     6 |     5 ||    18
       Potion            |       |     6 |     5 |     1 ||    12
 Stab: Confused          |       |       |     1 |       ||     1
Armor: Animal skin       |     7 |     1 |       |       ||     8
       Ring mail         |       |    25 |       |       ||    25
       Chain mail        |       |    22 |   106 |       ||   128
       Scale mail        |       |       |     6 |    58 ||    64
Dodge: Dodged            |    43 |    60 |    60 |    56 ||   219
Block: Buckler           |       |    12 |    44 |     5 ||    61
       Kite shield       |       |       |       |    46 ||    46

Table legend:
 A = Non-vault XP
 B = Vault XP
 C = Vault XP percentage of total XP
 D = Non-vault monster count
 E = Vault monster count
 F = Vault count percentage of total count
                 A         B        C        D         E       F
            +---------+---------+-------+---------+---------+-------
      Total |   10163 |    3719 |  26.8 |     186 |      18 |   8.8
            +---------+---------+-------+---------+---------+-------
        D:1 |      20 |       6 |  23.1 |      11 |       4 |  26.7
        D:2 |      96 |       0 |   0.0 |      21 |       0 |   0.0
        D:3 |      99 |       0 |   0.0 |      19 |       0 |   0.0
        D:4 |     168 |       0 |   0.0 |      14 |       0 |   0.0
        D:5 |     799 |     280 |  25.9 |      20 |       4 |  16.7
        D:6 |     671 |       5 |   0.7 |      22 |       1 |   4.3
        D:7 |    2176 |     921 |  29.7 |      35 |       4 |  10.3
        D:8 |     658 |    1220 |  65.0 |      16 |       2 |  11.1
     Lair:1 |    3203 |       0 |   0.0 |      19 |       0 |   0.0
     Lair:2 |    2273 |    1287 |  36.2 |       9 |       3 |  25.0
            +---------+---------+-------+---------+---------+-------
